 Dungeon Crawl Stone Soup version 0.31-a0-845-g9abc20d24f (webtiles) character file.

Game seed: 934489994778275196

78564 Danienth the Severer (level 15, -3/205 HPs)
             Began as a Minotaur Fighter on Oct 2, 2023.
             Was a High Priest of Okawaru.
             Slain by a tentacled monstrosity (15 damage)
             ... on level 3 of the Abyss on Oct 3, 2023.
             The game lasted 02:26:20 (17219 turns).

Danienth the Severer (Minotaur Fighter)            Turns: 17219, Time: 02:26:20

Health: -3/205     AC: 27    Str: 24    XL:     15   Next: 18%
Magic:  12/14      EV: -1    Int:  9    God:    Okawaru [*****.]
Gold:   1226       SH:  9    Dex: 12    Spells: 14/14 levels left

rFire   . . .        p - +2 dagger of Ybbyanle {vamp, Fragile rElec Str+2}
rCold   . . .        c - +1 buckler
rNeg    . . .        w - melded +12 crystal plate armour of Ephuh {Dex+3}
rPois   +            (helmet currently unavailable)
rElec   +            O - melded +1 cloak of Otakken {Regen+}
rCorr   .            K - melded +0 pair of gloves {hurl}
SInv    .            S - melded +2 pair of boots {rampage}
Will    ++...        q - amulet of regeneration
Stlth   ++           A - +5 ring of evasion
HPRegen 1.34/turn    u - ring of willpower
MPRegen 0.14/turn

%: no passive effects
@: tree-form, heroic, flayed, grasped by roots, contaminated, glowing,
constricted, unable to read, very slow
A: stationary, stasis, torment immunity, boosted hp, (horns 2), (retaliatory
headbutt), [screaming 1], [inability to read after injury 1]
a: Renounce Religion, Heroism, Finesse, Duel


You were on level 3 of the Abyss.
You worshipped Okawaru.
Okawaru was extremely pleased with you.
You were a tree.
You visited 4 branches of the dungeon, and saw 18 of its levels.
You visited the Abyss 1 time.
You also visited: Bailey.

You collected 4071 gold pieces.
You spent 2845 gold pieces at shops.

Inventory:

Hand Weapons
 a - a +3 war axe of flaming
 p - the +2 dagger of Ybbyanle (weapon) {vamp, Fragile rElec Str+2}
   (You found it on level 2 of the Dungeon)

   Str+2:     It affects your strength (+2).
   rElec:     It insulates you from electricity.
   Fragile:   It will be destroyed if unequipped.
 r - the +8 broad axe "Reytidy" {flame, Contam rC+ rCorr Dex+5}
   (Okawaru gifted it to you on level 14 of the Dungeon)

   Dex+5:     It affects your dexterity (+5).
   rC+:       It protects you from cold.
   Contam:    It causes magical contamination when unequipped.
   rCorr:     It protects you from acid and corrosion.
 H - a +5 dagger of chaos
 L - a +2 hand axe of venom
 Z - a +5 long sword of holy wrath
Missiles
 d - 3 throwing nets
 l - an atropa-tipped dart
 n - 45 poisoned darts
 s - 3 silver javelins
 x - 46 boomerangs
 B - 11 curare-tipped darts
 M - 14 datura-tipped darts
Armour
 c - a +1 buckler (worn)
 f - the +1 chain mail of Dishonour {*Corrode rC++ rN+ Regen+}
   (You took it off an orc high priest on level 1 of the Orcish Mines)

   rC++:      It greatly protects you from cold.
   rN+:       It protects you from negative energy.
   Regen+:    It increases your rate of health regeneration.
   *Corrode:  It may corrode you when you take damage.
 w - the +12 crystal plate armour of Ephuh (melded) {Dex+3}
   (Okawaru gifted it to you on level 2 of the Orcish Mines)

   Dex+3:     It affects your dexterity (+3).
 C - the +6 chain mail of Dogma {Drain rN+ Int+3 Slay+4}
   (You took it off an orc knight on level 1 of the Orcish Mines)

   Int+3:     It affects your intelligence (+3).
   Slay+4:    It affects your accuracy & damage with ranged weapons and melee
   (+4).
   rN+:       It protects you from negative energy.
   Drain:     It drains your maximum health when unequipped.
 I - +0 steam dragon scales
 K - a +0 pair of gloves of hurling (melded)
 O - the +1 cloak of Otakken (melded) {Regen+}
   (You found it on level 1 of the Elven Halls)

   Regen+:    It increases your rate of health regeneration.
 P - the +18 Lear's hauberk
   (You found it on level 9 of the Dungeon)
 S - a +2 pair of boots of rampaging (melded)
 Y - +0 acid dragon scales
Jewellery
 g - a +6 ring of intelligence
 i - a ring of see invisible
 j - a +4 ring of protection
 m - a ring of protection from fire
 q - an amulet of regeneration (around neck)
 u - a ring of willpower (right branch)
 v - a ring of poison resistance
 A - a +5 ring of evasion (left branch)
 R - a +6 ring of dexterity
Wands
 k - a wand of roots (13)
 z - a wand of mindburst (14)
 E - a wand of flame (3) (quivered)
 F - a wand of polymorph (10)
 W - a wand of paralysis (4)
Scrolls
 b - a scroll of silence
 y - 2 scrolls of identify
 J - 5 scrolls of teleportation
 U - a scroll of torment
 V - a scroll of fog
 X - 2 scrolls of enchant weapon
Potions
 e - 2 potions of invisibility
 h - 3 potions of lignification
 o - 2 potions of mutation
 t - 2 potions of cancellation
 D - 3 potions of curing


   Skills:
 * Level 13.7(18.7) Fighting
 - Level 7.8(12.8) Short Blades
 - Level 18.0(23.0) Axes
 * Level 8.3(13.3) Throwing
 + Level 14.3(19.3) Armour
 + Level 6.1(11.1) Dodging
 - Level 2.0(7.0) Stealth
 + Level 13.5(18.5) Shields


You had 14 spell levels left.
You didn't know any spells.
Your spell library contained the following spells:

 Spells                   Type           Power      Damage    Failure   Level
 Sublimation of Blood     Necr           0%         N/A       54%         2
 Cause Fear               Hex            0%         N/A       99%         4
 Petrify                  Tmut/Erth      0%         N/A       99%         4
 Fireball                 Conj/Fire      0%         3d3       100%        5
 Irradiate                Conj/Tmut      0%         3d11      100%        5
 Eringya's Noxious Bog    Tmut/Pois      0%         4d6       100%        6
 Summon Forest            Summ/Tloc      Unusable   N/A       N/A         5
 Summon Hydra             Summ           Unusable   N/A       N/A         7
 Dragon's Call            Summ           Unusable   N/A       N/A         9

Dungeon Overview and Level Annotations

Branches:
Dungeon (15/15)            Temple (1/1) D:6             Orc (2/2) D:11
    Elf (1/3) Orc:2        Vaults (0/5) D:14         Depths (0/4) D:15
 Bailey (visited)
   Lair: D:8-11

Altars:
Ashenzari
Cheibriados
Dithmenos
Elyvilon
Fedhas
Hepliaklqana
Kikubaaqudgha
Makhleb
Nemelex Xobeh
Okawaru
Qazlal
Ru
Trog
Uskayaw
Vehumet
Wu Jian
Xom
Yredelemnul
Zin
The Shining One

Shops:
D:7 ?   D:9 *   D:13 *(:   Orc:2 *[!:?   Elf:1 !

Portals:
Trove: D:14 (give 14 potions of heal wounds)

Annotations:
D:3 exclusion: oklob plant


Innate Abilities, Weirdness & Mutations

You are a tree.
Your roots penetrate the ground, keeping you stationary.
You cannot be teleported.
You are immune to unholy pain and torment.
Your maximum health is greatly increased.
Your equipment is partially melded.
((You have a pair of horns on your head.))
((You reflexively headbutt those who attack you in melee.))
[You occasionally shout uncontrollably at your foes.]
[You occasionally lose the ability to read scrolls when taking damage.]


Message History

The apocalypse crab bites you but does no damage.
The apocalypse crab claws you but does no damage.
The apocalypse crab bites you but does no damage.
You block the apocalypse crab's attack.
The tentacled monstrosity tentacle-slaps you.
* * * LOW HITPOINT WARNING * * *
The tentacled monstrosity tentacle-slaps you but does no damage. x2
Hit: p) +2 dagger of Ybbyanle {vamp, Fragile rElec Str+2}
Press: ? - help, Dir - move target, f/p - tentacled monstrosity
Aim: a tentacled monstrosity (heavily wounded, about 15% to evade the +2 dagger of Ybbyanle)
You hit the tentacled monstrosity.
The tentacled monstrosity is heavily wounded.
The shambling mangrove hits you but does no damage.
The grasping roots constrict you!
* * * LOW HITPOINT WARNING * * *
You feel better. You block the apocalypse crab's attack.
The apocalypse crab claws you but does no damage.
The tentacled monstrosity tentacle-slaps you.
* * * LOW HITPOINT WARNING * * *
The tentacled monstrosity tentacle-slaps you but does no damage. x3
The tentacled monstrosity tentacle-slaps you.
* * * LOW HITPOINT WARNING * * *
You block the tentacled monstrosity's attack.
The apocalypse crab bites you but does no damage.
The apocalypse crab claws you but does no damage.
The shambling mangrove hits you!
* * * LOW HITPOINT WARNING * * *
The grasping roots constrict you.
* * * LOW HITPOINT WARNING * * *
Okay, then.
You gain the combat prowess of a mighty hero.
The apocalypse crab bites you but does no damage.
The apocalypse crab claws you.
* * * LOW HITPOINT WARNING * * *
The apocalypse crab draws strength from your injuries!
The apocalypse crab bites you.
* * * LOW HITPOINT WARNING * * *
The apocalypse crab claws you but does no damage.
The tentacled monstrosity tentacle-slaps you!
You die...

# .##... ..# #
.##.#.. .### ...
#.#..#.#..#.. #
#....#...... #
####....#..##.#.#
...⌠⌠⌠⌠∩⌠⌠⌠⌠ † #
###~~≈≈≈~~###.
#.~~≈≈≈f≈~~.# #
###~~≈Wt♣~###h#
#⌠⌠⌠~≈XXt⌠# .# .
# #⌠⌠⌠~~~5⌠⌠#. #
##⌠⌠~~~⌠⌠##. . .#
##⌠~~~⌠## .
##~~~## #. ~~~~
~≈~~~ # # # . #~
~ ~


You could see 2 tentacled monstrosities, a shambling mangrove, a flayed ghost, 2
apocalypse crabs and an ufetubus.

Vanquished Creatures
  A tentacled starspawn (Abyss:3)
  A kraken (Abyss:3)
  The ghost of Daonol the Brawler, a journeyman TrBe of Trog (Orc:1)
  4 very ugly things (Abyss:3)
  Erolcha (Orc:2)
  2 hydras (D:15)
  An ogre mage (D:11)
  5 centaur warriors
  A spriggan skeleton (Abyss:3)
  3 boulder beetles
  5 dancing weapons (Elf:1)
  2 two-headed ogres
  A death knight (D:15)
  3 tengu warriors
  A thrashing horror (Abyss:3)
  9 orc high priests
  3 wretched stars (Abyss:3)
  5 deep elf knights (Elf:1)
  A fire crab (Abyss:3)
  Lodul (D:11)
  A glowing orange brain (Abyss:3)
  An orb spider (shapeshifter) (D:15)
  2 skeletal warriors (D:15)
  2 deep elf archers (Elf:1)
  A wizard (D:15)
  4 deep elf pyromancers
  4 large abominations (Abyss:3)
  8 orc knights
  A necromancer (D:10)
  A wolf spider (D:14)
  4 deep elf zephyrmancers (Elf:1)
  An orc sorcerer (Orc:1)
  10 ugly things
  5 cyclopes
  A salamander (D:15)
  2 manticores (D:15)
  2 smoke demons (Abyss:3)
  18 slime creatures
  4 gargoyles
  2 unseen horrors
  Psyche (D:12)
  An efreet (D:12)
  3 kobold demonologists
  A freezing wraith (D:15)
  4 ancient zymes (Abyss:3)
  6 trolls
  A hornet (D:7)
  A harpy skeleton (Abyss:3)
  3 blink frogs (Abyss:3)
  4 raiju (Abyss:3)
  Sigmund (D:3)
  10 yaks
  2 shadows
  A ynoxinul (Abyss:3)
  A water elemental (Elf:1)
  2 basilisks
  2 wraiths
  A vampire (D:12)
  A wyvern (D:6)
  3 air elementals (Elf:1)
  A chaos spawn (Abyss:3)
  A steam dragon (D:8)
  A hog (shapeshifter) (D:15)
  Menkaure (D:4)
  2 neqoxecs (Abyss:3)
  10 wargs
  4 small abominations (Abyss:3)
  5 water moccasins
  3 acid dragons
  A swamp drake (D:11)
  A sky beast (D:7)
  27 orc warriors
  2 ice beasts
  15 ogres
  14 centaurs
  19 kobold brigands
  A bullfrog (D:7)
  2 gnoll sergeants
  2 scorpions (D:7)
  2 earth elementals (Elf:1)
  7 killer bees
  6 howler monkeys
  An iron imp (Abyss:3)
  2 jellies
  43 orc priests
  A gnoll bouda (D:6)
  A hound (D:7)
  2 iguanas
  9 orc wizards
  A yak simulacrum (D:10)
  5 wolf simulacra (D:10)
  A polar bear simulacrum (D:10)
  21 gnolls
  6 adders
  2 shadow imps
  4 white imps
  3 ufetubi (Abyss:3)
  A worm (D:2)
  6 dart slugs
  106 orcs
  8 bats
  4 endoplasms
  5 giant cockroaches
  9 goblins
  2 hobgoblins (D:4)
  2 jackals (D:4)
  18 kobolds
  5 quokkas
  7 ball pythons
  2 frilled lizards
  8 rats
  4 river rat simulacra (D:10)
  3 tentacles (Abyss:3)
593 creatures vanquished.

Vanquished Creatures (others)
  An orc (D:12)
  3 starspawn tentacles (Abyss:3)
  19 tentacles (Abyss:3)
23 creatures vanquished.

Grand Total: 616 creatures vanquished

Notes
Turn   | Place    | Note
-------+----------+-------------------------------------------
     0 | D:1      | Danienth the Minotaur Fighter began the quest for the Orb.
     0 | D:1      | Reached XP level 1. HP: 19/19 MP: 0/0
   120 | D:1      | Reached skill level 3 in Axes
   159 | D:1      | Reached XP level 2. HP: 22/26 MP: 1/1
   277 | D:1      | Reached skill level 4 in Axes
   359 | D:1      | Reached XP level 3. HP: 11/31 MP: 2/2
   995 | D:2      | Reached skill level 5 in Axes
  1390 | D:2      | Reached XP level 4. HP: 38/39 MP: 3/3
  1447 | D:2      | Identified the +2 dagger of Ybbyanle {vamp, Fragile rElec
                  | Str+2}
  1833 | D:3      | Reached skill level 6 in Axes
  1963 | D:3      | Noticed Sigmund
  2001 | D:3      | Killed Sigmund
  2002 | D:3      | Reached skill level 7 in Axes
  2002 | D:3      | Reached XP level 5. HP: 33/45 MP: 4/4
  2002 | D:3      | Reached XP level 6. HP: 37/51 MP: 5/5
  2098 | D:3      | Reached skill level 8 in Axes
  2194 | D:3      | Found a blossoming altar of Fedhas.
  2217 | D:3      | Noticed an oklob plant
  2880 | D:4      | Noticed Menkaure
  2889 | D:4      | Killed Menkaure
  2890 | D:4      | Reached skill level 9 in Axes
  2890 | D:4      | Reached XP level 7. HP: 21/57 MP: 6/6
  3051 | D:4      | You fall into a shaft and drop 2 floors!
  3072 | D:6      | Reached skill level 10 in Axes
  3421 | D:6      | Noticed a wyvern
  3427 | D:6      | Killed a wyvern
  3428 | D:6      | Reached skill level 11 in Axes
  3428 | D:6      | Reached XP level 8. HP: 49/64 MP: 7/7
  3505 | D:6      | Found a staircase to the Ecumenical Temple.
  4153 | Temple   | Entered the Ecumenical Temple
  4162 | Temple   | Became a worshipper of Warmaster Okawaru
  4215 | D:7      | Reached skill level 12 in Axes
  4466 | D:7      | Reached * piety under Okawaru
  4543 | D:7      | Reached skill level 5 in Fighting
  4634 | D:7      | Noticed a hornet
  4647 | D:7      | Killed a hornet
  4657 | D:7      | Reached XP level 9. HP: 36/78 MP: 8/8
  5147 | D:7      | Found Socseduhy's Magic Scroll Shop.
  5154 | D:7      | Bought a scroll of poison for 44 gold pieces
  5154 | D:7      | Bought a scroll of identify for 22 gold pieces
  5154 | D:7      | Bought a scroll of identify for 22 gold pieces
  5282 | D:8      | Reached ** piety under Okawaru
  5362 | D:9      | Found the +18 Lear's hauberk
  5362 | D:9      | Found a flagged portal.
  5426 | Bailey   | Entered a bailey
  5588 | Bailey   | Reached skill level 10 in Fighting
  5619 | Bailey   | Found a burning altar of Makhleb.
  5856 | D:9      | Reached skill level 5 in Armour
  5856 | D:9      | Reached skill level 5 in Shields
  5919 | D:9      | Reached *** piety under Okawaru
  5920 | D:9      | Reached skill level 1 in Throwing
  5956 | D:9      | Found Eraoher's General Store.
  5978 | D:9      | Bought a scroll of brand weapon for 123 gold pieces
  6144 | D:9      | Noticed a troll
  6163 | D:9      | Reached XP level 10. HP: 94/94 MP: 9/9
  6389 | D:10     | Entered Level 10 of the Dungeon
  6504 | D:10     | Reached **** piety under Okawaru
  6580 | D:10     | Reached skill level 13 in Axes
  6698 | D:10     | Found a snail-covered altar of Cheibriados.
  6768 | D:10     | Noticed a necromancer
  6781 | D:10     | Killed a necromancer
  6781 | D:10     | Reached ***** piety under Okawaru
  7070 | D:10     | Received a gift from Okawaru
  7071 | D:10     | Reached XP level 11. HP: 72/101 MP: 8/10
  7245 | D:11     | Noticed a purple ugly thing
  7264 | D:11     | Killed a purple ugly thing
  7347 | D:11     | Noticed a green ugly thing
  7348 | D:11     | Noticed a two-headed ogre
  7351 | D:11     | Noticed an ogre mage
  7372 | D:11     | Killed a two-headed ogre
  7431 | D:11     | Killed a green ugly thing
  7443 | D:11     | Found a sacrificial altar of Ru.
  7486 | D:11     | Killed an ogre mage
  7486 | D:11     | Received a gift from Okawaru
  7496 | D:11     | Noticed Lodul
  7525 | D:11     | Killed Lodul
  7526 | D:11     | Reached skill level 5 in Throwing
  7799 | D:11     | Noticed an orc knight
  7800 | D:11     | Reached skill level 14 in Axes
  7813 | D:11     | Killed an orc knight
  7995 | D:11     | Received a gift from Okawaru
  8006 | D:11     | Reached skill level 10 in Shields
  8016 | D:11     | Found a staircase to the Orcish Mines.
  8346 | D:12     | Reached skill level 10 in Armour
  8395 | D:12     | Reached XP level 12. HP: 96/112 MP: 11/11
  9156 | D:12     | Noticed a boulder beetle
  9175 | D:12     | Killed a boulder beetle
  9239 | D:12     | Received a gift from Okawaru
  9411 | D:12     | Noticed Psyche
  9423 | D:12     | Killed Psyche
  9850 | D:13     | Found Imnim's Book Shop.
  9870 | D:13     | Noticed a centaur warrior
  9890 | D:13     | Killed a centaur warrior
  9926 | D:13     | Noticed a tengu warrior
  9941 | D:13     | Killed a tengu warrior
  9952 | D:13     | Noticed a tengu warrior
  9968 | D:13     | Killed a tengu warrior
  9968 | D:13     | Received a gift from Okawaru
 10051 | D:13     | Found Riujoh's General Store.
 10260 | D:13     | Found Pipett's Antique Weapon Boutique.
 10396 | D:13     | Noticed a centaur warrior
 10402 | D:13     | Killed a centaur warrior
 10586 | D:13     | Noticed a boulder beetle
 10598 | D:13     | Killed a boulder beetle
 10599 | D:13     | Reached skill level 1 in Short Blades
 11008 | D:14     | Found a shadowy altar of Dithmenos.
 11145 | D:14     | Reached XP level 13. HP: 119/119 MP: 12/12
 11145 | D:14     | Reached ****** piety under Okawaru
 11145 | D:14     | Received a gift from Okawaru
 11192 | D:14     | Acquired the +8 broad axe "Reytidy" {flame, Contam rC+
                  | rCorr Dex+5}
 11192 | D:14     | Received a gift from Okawaru
 11388 | D:14     | Found a gate to the Vaults.
 11511 | Orc:1    | Entered Level 1 of the Orcish Mines
 11584 | Orc:1    | Identified the +6 chain mail of Dogma {Drain rN+ Int+3
                  | Slay+4}
 11585 | Orc:1    | Found a runed translucent gate.
 11586 | Orc:1    | Found a runed translucent gate.
 11592 | Orc:1    | Found a runed translucent gate.
 11606 | Orc:1    | Noticed Daonol's ghost (journeyman TrBe)
 11606 | Orc:1    | Identified the +1 chain mail of Dishonour {*Corrode rC++
                  | rN+ Regen+}
 12008 | Orc:1    | Found a radiant altar of Vehumet.
 12123 | Orc:2    | Entered Level 2 of the Orcish Mines
 12123 | Orc:2    | Found a staircase to the Elven Halls.
 12261 | Orc:2    | Reached skill level 15 in Axes
 12437 | Orc:2    | Received a gift from Okawaru
 12673 | Orc:2    | Found Pecaxuco's Assorted Antiques.
 12688 | Orc:2    | Bought a potion of curing for 78 gold pieces
 12688 | Orc:2    | Bought a scroll of poison for 104 gold pieces
 12688 | Orc:2    | Bought a shiny orb for 312 gold pieces
 12688 | Orc:2    | Bought a potion of curing for 78 gold pieces
 12757 | Orc:2    | Found Vuobbuwe's Antique Armour Emporium.
 12782 | Orc:2    | Found Nogaggum's Distillery.
 12849 | Orc:2    | Bought a potion of invisibility for 128 gold pieces
 12849 | Orc:2    | Bought 2 potions of curing for 96 gold pieces
 12849 | Orc:2    | Bought a potion of curing for 48 gold pieces
 12849 | Orc:2    | Bought a potion of might for 64 gold pieces
 13003 | Orc:2    | Found Zyryzuss's Magic Scroll Shop.
 13003 | Orc:2    | Found Heuchih's Book Emporium.
 13007 | Orc:2    | Bought a scroll of teleportation for 48 gold pieces
 13007 | Orc:2    | Bought a scroll of blinking for 120 gold pieces
 13007 | Orc:2    | Bought a scroll of immolation for 64 gold pieces
 13007 | Orc:2    | Bought a scroll of acquirement for 832 gold pieces
 13007 | Orc:2    | Bought a scroll of fear for 64 gold pieces
 13015 | Orc:2    | Acquired 882 gold pieces
 13168 | Orc:2    | Noticed Erolcha
 13174 | Orc:2    | Killed Erolcha
 13174 | Orc:2    | Received a gift from Okawaru
 13176 | Orc:2    | Acquired the +12 crystal plate armour of Ephuh {Dex+3}
 13176 | Orc:2    | Received a gift from Okawaru
 13449 | Orc:1    | Killed Daonol's ghost
 13571 | Orc:1    | Reached skill level 5 in Short Blades
 14093 | D:15     | Entered Level 15 of the Dungeon
 14113 | D:15     | Received a gift from Okawaru
 14152 | D:15     | Reached skill level 16 in Axes
 14152 | D:15     | Reached XP level 14. HP: 109/129 MP: 13/13
 14450 | D:15     | Found a staircase to the Depths.
 14455 | D:15     | Reached skill level 1 in Dodging
 14899 | D:15     | Received a gift from Okawaru
 15328 | D:14     | Found a portal to a secret trove of treasure.
 15489 | Elf:1    | Entered Level 1 of the Elven Halls
 15491 | Elf:1    | Paralysed by an air elemental for 1 turns
 15539 | Elf:1    | Reached skill level 17 in Axes
 15997 | Elf:1    | Paralysed by an air elemental for 1 turns
 16030 | Elf:1    | HP: 9/193 [+2 flail of distortion (2)]
 16224 | Elf:1    | Found Osiu's Distillery.
 16233 | Elf:1    | Bought a potion of invisibility for 104 gold pieces
 16233 | Elf:1    | Bought 2 potions of cancellation for 208 gold pieces
 16233 | Elf:1    | Bought a potion of curing for 39 gold pieces
 16233 | Elf:1    | Bought a potion of curing for 39 gold pieces
 16233 | Elf:1    | Bought a potion of invisibility for 104 gold pieces
 16233 | Elf:1    | Bought a potion of curing for 39 gold pieces
 16233 | Elf:1    | Bought a potion of heal wounds for 65 gold pieces
 16420 | Elf:1    | Identified the +1 cloak of Otakken {Regen+}
 16434 | Elf:1    | Paralysed by an air elemental for 1 turns
 16462 | Elf:1    | Received a gift from Okawaru
 16625 | Elf:1    | Noticed a deep elf sorcerer
 16631 | Abyss:3  | Cast into level 3 of the Abyss (a deep elf sorcerer)
 16710 | Abyss:3  | Reached skill level 5 in Dodging
 16717 | Abyss:3  | Noticed a brown very ugly thing
 16718 | Abyss:3  | Noticed a brown very ugly thing
 16719 | Abyss:3  | Noticed a brown very ugly thing
 16719 | Abyss:3  | Noticed a brown very ugly thing
 16734 | Abyss:3  | Noticed a tentacled starspawn
 16737 | Abyss:3  | Killed a red very ugly thing
 16739 | Abyss:3  | Killed a green very ugly thing
 16739 | Abyss:3  | Received a gift from Okawaru
 16744 | Abyss:3  | Killed a red very ugly thing
 16745 | Abyss:3  | Reached skill level 18 in Axes
 16745 | Abyss:3  | Killed a cyan very ugly thing
 16749 | Abyss:3  | Killed a tentacled starspawn
 16753 | Abyss:3  | Reached skill level 1 in Stealth
 16821 | Abyss:3  | Received a gift from Okawaru
 16934 | Abyss:3  | Reached XP level 15. HP: 136/136 MP: 14/14
 17077 | Abyss:3  | Noticed a kraken
 17162 | Abyss:3  | Killed a kraken
 17194 | Abyss:3  | Noticed a tentacled monstrosity
 17199 | Abyss:3  | Noticed a tentacled monstrosity
 17219 | Abyss:3  | Slain by a tentacled monstrosity

Illustrated notes

Levels and vault maps discovered:
D:1:      tarquinn_simple_flora_water_a, layout_basic
D:2:      cheibrodos_old_hovel, layout_loops_ring, minmay_vboxes
D:3:      layout_basic, tgw_fedhas, uniq_sigmund
D:4:      minmay_skewed_foursquare, layout_basic, nrook_uturn, uniq_natasha,
          uniq_menkaure
D:6:      layout_gridville, minmay_misc_feat_enclosed
D:7:      layout_loops_ring, serial_shops, nicolae_shop_waterfront
D:8:      layout_cave_pools, mainiacjoe_overflow_paths,
          mainiacjoe_overflow_swirl, erik_lair_dragon
D:9:      layout_roguey, enter_bailey_3, nicolae_stop_n_shop_1
D:10:     layout_rooms, mainiacjoe_overflow_cross_hatched, special_room
          [special_room_kobold], eino_house_with_fridge
D:11:     layout_gridville, erik_orc_1, minmay_ruined_shrine, uniq_lodul
D:12:     layout_roguey [special_room_orc], uniq_psyche
D:13:     layout_basic, serial_shops, shop, nicolae_shop_back_alley_shop,
          nicolae_stop_n_shop_2
D:14:     layout_cave_pools, hellmonk_vaults_attempted_burglary,
          grunt_dithmenos_shadows, enter_trove_6
D:15:     hangedman_depths_entry_try_elsewhere_first, layout_irregular_city,
          chequers_serial_rivers_micro_a
Temple:   nicolae_temple_bog_church
Orc:1:    layout_diamond_mine, basic_altar, biasface_ghost_orc_armoury
Orc:2:    st_orc_town, layout_caves, basic_altar, serial_shops,
          nicolae_shop_window_shopping, uniq_erolcha
Elf:1:    kennysheep_spiral_hall, layout_geoelf_octagon, basic_altar,
          serial_shops, shop, nicolae_shop_bloodbath_and_beyond,
          hangedman_elf_disciples
Abyss:3:  base: IceCv, hangedman_abyss_exit_choices,
          evilmike_nicolae_abyss_rune_betentacled_crabyss,
          evilmike_nicolae_abyss_rune_betentacled_crabyss

Skill      XL: |  1  2  3  4  5  6  7  8  9 10 11 12 13 14 15 |
---------------+----------------------------------------------+-----
Axes           | 3 4 5 7 9 11 12 13 14 16 18 | 18.0
Fighting       | 6 10 11 12 13 | 13.7
Armour         | 4 5 8 10 12 13 14 | 14.3
Shields        | 4 5 8 10 12 13 | 13.5
Throwing       | 1 3 5 7 8 |  8.3
Short Blades   | 2 5 7 |  7.8
Dodging        | 5 6 |  6.1
Stealth        | 1 2 |  2.0

Action                     |  1- 3 |  4- 6 |  7- 9 | 10-12 | 13-15 || total
---------------------------+-------+-------+-------+-------+-------++-------
  Melee: War axe           |    64 |   105 |   264 |   535 |    11 ||   979
         Headbutt          |    14 |    10 |    45 |   118 |   167 ||   354
         Broad axe         |       |       |       |       |   635 ||   635
         Dagger            |       |       |       |       |     2 ||     2
  Throw: Dart              |       |       |    15 |   128 |   127 ||   270
         Throwing net      |       |       |     3 |       |       ||     3
         Boomerang         |       |       |    13 |    43 |    22 ||    78
         Javelin           |       |       |       |     2 |    18 ||    20
 Invoke: Heroism           |       |       |     1 |     2 |     8 ||    11
         Receive Weapon    |       |       |       |       |     1 ||     1
         Receive Armour    |       |       |       |       |     1 ||     1
  Evoke: Wand              |       |       |    21 |       |    24 ||    45
    Use: Scroll            |     2 |     6 |    11 |    14 |    10 ||    43
         Potion            |       |     4 |     3 |     7 |    22 ||    36
   Stab: Confused          |       |       |       |     2 |       ||     2
         Invisible         |       |       |       |       |     2 ||     2
 Armour: Scale mail        |    56 |    91 |   136 |       |       ||   283
         Chain mail        |       |       |    15 |   309 |   101 ||   425
         Crystal plate arm |       |       |       |       |   275 ||   275
         Skin              |       |       |       |       |    47 ||    47
  Dodge: Dodged            |    18 |    34 |    95 |   192 |   198 ||   537
  Block: Buckler           |    15 |    15 |    54 |   135 |   253 ||   472

Table legend: (Time is in decaauts)
 A = Elapsed time spent in this place.
 B = Non-inter-level travel time spent in this place.
 C = Inter-level travel time spent in this place.
 D = Time resting spent in this place.
 E = Time spent auto-exploring this place.
 F = Levels seen in this place.
 G = Mean time per level.
                   A        B        C        D        E       F      G
               +--------+--------+--------+--------+--------+-----+--------+
         Total |  16951 |  15539 |   1412 |   3952 |   8052 |  20 |  847.5 |
       Dungeon |  12594 |  11636 |    958 |   3005 |   6383 |  14 |  899.6 |
        Temple |     17 |      3 |     14 |      0 |      0 |   1 |   17.0 |
  Orcish Mines |   2438 |   2184 |    254 |    303 |   1365 |   2 | 1219.0 |
   Elven Halls |   1134 |    949 |    185 |    478 |    187 |   1 | 1134.0 |
         Abyss |    538 |    538 |      0 |    136 |     22 |   1 |  538.0 |
        Bailey |    226 |    226 |      0 |     28 |     94 |   1 |  226.0 |
               +--------+--------+--------+--------+--------+-----+--------+

Top non-repeatable levels by time:
    D:12: 1503 daAuts
   Orc:2: 1248 daAuts
   Orc:1: 1190 daAuts
    D:11: 1164 daAuts
   Elf:1: 1134 daAuts
     D:6: 1131 daAuts
    D:13: 1115 daAuts
     D:7: 1112 daAuts
    D:15: 1083 daAuts
     D:2: 927 daAuts
     D:3: 904 daAuts
    D:10: 789 daAuts
     D:9: 788 daAuts
    D:14: 767 daAuts
     D:1: 659 daAuts
